 Dungeon Crawl Stone Soup version 0.17-a0-1481-gfdcec5c (webtiles) character file.

18981 Fluffy the Corrupter of Planes (level 12, -1/99 HPs)
             Began as a Demonspawn Abyssal Knight on July 4, 2015.
             Was the Champion of Lugonu.
             Killed from afar by an ice statue (24 damage)
             ... with a shard of ice
             ... in an ice cave.
             The game lasted 00:38:44 (14333 turns).

Fluffy the Corrupter of Planes (DsAK)              Turns: 14333, Time: 00:38:45

Health: -1/99      AC: 14    Str: 18    XL:     12   Next: 32%
Magic:  30/30      EV: 11    Int: 23    God:    Lugonu [******]
Gold:   625        SH:  0    Dex: 13    Spells: 0 memorised, 11 levels left

rFire  + + .     SeeInvis .     H - +2 hand axe "Zamav" {flame, rN+ Int+6}
rCold  + . .     Clarity  .     y - +0 chain mail
rNeg   + + .     SustAt   +     (no shield)
rPois  +         Gourm    .     b - +0 hat
rElec  +         Spirit   .     B - +0 cloak "Iblenyli" {rF+ MP+9 Int+4}
rCorr  +         Warding  +     (no gloves)
rMut   .         Stasis   .     u - +0 pair of boots
MR     .....                    k - amulet of warding
Stlth  ..........               o - ring of sustain attributes
                                v - ring of poison resistance

@: resistant, not resistant to hostile enchantments, extremely unstealthy
A: antennae 1, rugged brown scales 1, powered by pain 2, spiny 2
a: Depart the Abyss, Bend Space, Banish, Corrupt, Enter the Abyss, Renounce
Religion


You were in an ice cave.
You worshipped Lugonu.
Lugonu was exalted by your worship.
You were very hungry.

You visited 2 branches of the dungeon, and saw 12 of its levels.
You visited the Abyss 1 time.
You also visited: Ice Cave.

You collected 625 gold pieces.

Inventory:

Hand weapons
 s - a +3 whip of distortion
 H - the +2 hand axe "Zamav" (weapon) {flame, rN+ Int+6}
   (You found it on level 6 of the Dungeon)

   It has been specially enchanted to burn those struck by it, causing extra
   injury to most foes and up to half again as much damage against particularly
   susceptible opponents.
   Big, fiery blades are also staple armaments of hydra-hunters.
   It affects your intelligence (+6).
   It protects you from negative energy.
Armour
 b - a +0 hat (worn)
 u - a +0 pair of boots (worn)
 y - a +0 chain mail (worn)
 B - the +0 cloak "Iblenyli" (worn) {rF+ MP+9 Int+4}
   (You acquired it on level 8 of the Dungeon)

   It affects your intelligence (+4).
   It protects you from fire.
   It affects your magic capacity (+9).
Jewellery
 e - an uncursed amulet of resist mutation
 k - an amulet of warding (around neck)
 o - a ring of sustain attributes (right hand)
 v - a ring of poison resistance (left hand)
 I - an uncursed ring of invisibility
Magical devices
 a - a wand of random effects (26)
 h - a wand of teleportation (6)
 z - a wand of hasting (3)
 C - a wand of paralysis (13)
 E - a wand of frost (3)
 G - a wand of flame (34)
 K - a wand of paralysis (5)
Scrolls
 d - 6 scrolls of identify
 m - a scroll of enchant armour
 r - 5 scrolls of remove curse
 t - 6 scrolls of fear
 D - 4 scrolls of teleportation
 M - a scroll of silence
Potions
 i - 5 potions of curing
 j - a potion of flight
 l - 3 potions of invisibility
 q - a potion of might
 w - a potion of magic
 x - a potion of haste
 L - a potion of ambrosia {unknown}
Books
 J - a book of Battle

   Spells                             Type                      Level
   a - Infusion                       Charms                       1
   b - Shroud of Golubria             Charms/Translocation         2
   c - Song of Slaying                Charms                       2
   d - Spectral Weapon                Hexes/Charms                 3
   e - Regeneration                   Charms/Necromancy            3
Comestibles
 c - 11 bread rations
 f - 4 meat rations
 p - a royal jelly
 A - 8 beef jerkies


   Skills:
 + Level 9.9 Fighting
 + Level 8.8 Axes
 + Level 8.7 Armour
 + Level 8.3 Dodging
 + Level 12.1 Invocations


You had 11 spell levels left.
You didn't know any spells.

Dungeon Overview and Level Annotations

Branches:
Dungeon (10/15)            Temple (0/1) D:6            Lair (2/8) D:10
    Orc (0/4) D:9

Altars:
Cheibriados
Dithmenos
Elyvilon
Kikubaaqudgha
Nemelex Xobeh
Vehumet
Yredelemnul

Annotations:
Abyss:1 Erolcha IceCv exclusion: 2 ice statues


Innate Abilities, Weirdness & Mutations

You have a pair of small antennae on your head.
You are partially covered in rugged brown scales (AC +1, +3% HP).
You sometimes gain power by taking damage.
You are mostly covered in sharp spines.


Message History

You melt the ice beast.
The ice beast is heavily wounded.
You hit the ice beast.
You melt the ice beast.
The ice beast is moderately wounded.
You are engulfed in freezing vapours.
You resist.
* * * LOW HITPOINT WARNING * * *
The ice beast is struck by your spines. The ice beast barely misses you.
The ice beast barely misses you.
Drink which item? (? for menu, Esc to quit)
You feel better.
You are engulfed in freezing vapours.
You resist.
* * * LOW HITPOINT WARNING * * *
The ice beast closely misses you. x2
The ice beast is struck by your spines. The ice beast barely misses you.
Unknown command.
Drink which item? (? for menu, Esc to quit)
You feel better.
The ice beast hits you but does no damage.
The ice statue throws ice at you. The shard of ice hits you!
You partially resist.
You die...

#######
##.....##
##...∩...##
##.........##
#...........#
#....§......#
##..§.§......#
#..YY§Y.......#
#...@8§Y.8....#
#....Y.[......#
##....?.[....##
#...8.=.8...#
##.........##
###########


You could see 2 ice statues and 5 ice beasts.

Vanquished Creatures
  Gastronok (Lair:1)
  Josephine (D:10)
  Erica (D:8)
  A shadow wraith (D:10)
  An unseen horror (D:10)
  Pikel (D:4)
  A hill giant (D:10)
  An elephant (D:9)
  Joseph (D:10)
  3 spiny frogs
  A torpor snail (Lair:1)
  Psyche (D:8)
  2 komodo dragons
  A troll (D:10)
  Grinder (D:4)
  2 slime creatures (D:10)
  8 yaks
  4 wraiths (D:10)
  A steam dragon (D:7)
  A wyvern (D:10)
  A hungry ghost (D:8)
  A basilisk (D:10)
  17 ice beasts
  A hippogriff (D:10)
  3 wolves (Lair:1)
  An orc warrior (D:7)
  2 water moccasins
  Duvessa (D:6)
  A sky beast (D:8)
  A slave (D:4)
  A porcupine (Lair:1)
  3 ogres
  6 centaurs
  3 crocodiles
  Blork the orc (D:4)
  A big kobold (D:8)
  8 giant frogs
  5 scorpions
  Dowan (D:6)
  2 crimson imps
  4 iguanas
  3 giant frog zombies
  4 hounds
  4 orc priests
  2 giant frog skeletons (D:5)
  3 orc wizards
  8 worker ants
  3 killer bee zombies
  6 sheep
  A hound zombie (D:7)
  A worker ant zombie (D:10)
  Robin (D:4)
  9 adders
  3 gnolls (D:6)
  9 river rats (Lair:1)
  2 shadow imps
  2 oozes
  An adder skeleton (D:4)
  5 worms
  19 orcs
  3 ball pythons
  14 bats
  2 bat skeletons (D:4)
  5 giant cockroaches
  2 gnoll zombies (D:6)
  20 goblins
  18 hobgoblins
  6 jackals
  22 kobolds
  6 quokkas
  A giant cockroach zombie (D:6)
  5 giant geckos
  A giant gecko zombie (D:5)
  6 giant newts
  15 rats
310 creatures vanquished.

Vanquished Creatures (others)
  The ghost of mrath the Ducker, an experienced TrHu of Qazlal (D:6)
  A cyclops (D:10)
  The ghost of Oddysee the Basher, an experienced GrFi (D:4)
  3 yaks
  A slave (D:4)
  3 ice beasts
  2 ogres
  2 crocodiles
  A centaur (D:3)
  A crimson imp (D:10)
  An iguana (Lair:2)
  A worker ant (D:4)
  An adder (D:7)
  A gnoll (D:6)
  3 hobgoblins
  2 quokkas
  A goblin (D:4)
  A fungus (Lair:1)
  2 plants (Lair:1)
29 creatures vanquished.

Grand Total: 339 creatures vanquished

Notes
Turn   | Place    | Note
--------------------------------------------------------------
     0 | Abyss:1  | Fluffy the Demonspawn Abyssal Knight began the quest for the Orb.
     0 | Abyss:1  | Reached XP level 1. HP: 18/18 MP: 2/2
    11 | D:1      | Escaped the Abyss
    66 | D:1      | Reached skill level 1 in Dodging
   294 | D:1      | Gained mutation: You have a pair of small antennae on your head. [demonic ancestry]
   294 | D:1      | Reached XP level 2. HP: 24/24 MP: 4/4
   675 | D:1      | Acquired Lugonu's second power
   911 | D:2      | Gained mutation: You sometimes gain a little power by taking damage. [demonic ancestry]
   911 | D:2      | Reached XP level 3. HP: 26/29 MP: 5/5
   975 | D:2      | Found a faded altar to an unknown god.
  1712 | D:2      | Found a radiant altar of Vehumet.
  2024 | D:3      | Acquired Lugonu's third power
  2024 | D:3      | Reached XP level 4. HP: 31/35 MP: 6/6
  2689 | D:3      | Found an ancient bone altar of Kikubaaqudgha.
  2800 | D:3      | Noticed a centaur
  2804 | D:3      | Banished a centaur
  2945 | D:4      | Noticed Grinder
  2951 | D:4      | Reached XP level 5. HP: 41/41 MP: 7/7
  2964 | D:4      | Noticed Robin
  2965 | D:4      | Noticed Blork the orc
  2970 | D:4      | Reached skill level 4 in Invocations
  2977 | D:4      | Killed Robin
  2988 | D:4      | Acquired Lugonu's fourth power
  2997 | D:4      | Killed Blork the orc
  3000 | D:4      | Killed Grinder
  3000 | D:4      | Gained mutation: You are partially covered in sharp spines. [demonic ancestry]
  3000 | D:4      | Reached XP level 6. HP: 28/48 MP: 9/9
  3130 | D:4      | Noticed an ogre
  3134 | D:4      | Banished an ogre
  3134 | D:4      | Reached skill level 5 in Invocations
  3140 | D:4      | Found a white marble altar of Elyvilon.
  3325 | D:4      | Noticed a slave
  3326 | D:4      | Noticed a slave
  3327 | D:4      | Noticed Pikel
  3328 | D:4      | Noticed a slave
  3335 | D:4      | Noticed a slave
  3340 | D:4      | Killed a slave
  3346 | D:4      | Killed Pikel
  3346 | D:4      | Gained mutation: You are mostly covered in sharp spines. [demonic ancestry]
  3346 | D:4      | Reached XP level 7. HP: 51/55 MP: 9/11
  3358 | D:4      | Reached skill level 6 in Invocations
  3359 | D:4      | Noticed Oddysee's ghost (experienced GrFi)
  3376 | D:4      | Banished Oddysee's ghost
  3376 | D:4      | Reached skill level 5 in Fighting
  3376 | D:4      | Gained mutation: You sometimes gain power by taking damage. [demonic ancestry]
  3376 | D:4      | Reached XP level 8. HP: 25/62 MP: 12/12
  3549 | D:4      | Killed a freed slave
  3761 | D:4      | Noticed an ice beast
  3763 | D:4      | Killed an ice beast
  4228 | D:5      | Entered Level 5 of the Dungeon
  4430 | D:5      | Reached skill level 7 in Invocations
  4433 | D:5      | Reached skill level 5 in Armour
  4603 | D:5      | Found a sparkling altar of Nemelex Xobeh.
  4603 | D:5      | Found a shadowy altar of Dithmenos.
  4726 | D:5      | Reached skill level 5 in Axes
  4916 | D:6      | Noticed mrath's ghost (experienced TrHu)
  4989 | D:6      | Gained mutation: You are partially covered in rugged brown scales (AC +1, +3% HP). [demonic ancestry]
  4989 | D:6      | Reached XP level 9. HP: 64/71 MP: 14/14
  5195 | D:6      | Got a steaming hand axe
  5196 | D:6      | Identified the +2 hand axe "Zamav" {flame, rN+ Int+6} (You found it on level 6 of the Dungeon)
  5380 | D:6      | Found a basalt altar of Yredelemnul.
  5405 | D:6      | Acquired Lugonu's fifth power
  5698 | D:6      | Banished mrath's ghost
  5698 | D:6      | Reached skill level 5 in Dodging
  5885 | D:6      | Found a basalt altar of Yredelemnul.
  5974 | D:6      | Found a staircase to the Ecumenical Temple.
  6175 | D:6      | Noticed Dowan
  6184 | D:6      | Killed Dowan
  6187 | D:6      | Noticed Duvessa
  6195 | D:6      | Killed Duvessa
  6195 | D:6      | Reached skill level 8 in Invocations
  7563 | D:8      | Noticed Erica
  7575 | D:8      | Killed Erica
  7575 | D:8      | Reached skill level 9 in Invocations
  7575 | D:8      | Reached XP level 10. HP: 78/81 MP: 16/16
  7587 | D:8      | Noticed Psyche
  7723 | D:8      | Identified a scroll of acquirement
  7724 | D:8      | Got a brightly glowing cloak
  7735 | D:8      | Identified the +0 cloak "Iblenyli" {rF+ MP+9 Int+4} (You acquired it on level 8 of the Dungeon)
  8098 | D:8      | Killed Psyche
  8595 | D:9      | Found a staircase to the Orcish Mines.
  9109 | D:9      | Found a snail-covered altar of Cheibriados.
  9257 | D:10     | Entered Level 10 of the Dungeon
  9281 | D:10     | Reached skill level 10 in Invocations
  9284 | D:10     | Killed an unseen horror
  9577 | D:10     | Noticed a cyclops
  9622 | D:10     | Banished a cyclops
  9867 | D:10     | Noticed Joseph
  9881 | D:10     | Killed Joseph
 10158 | D:10     | Noticed Erolcha
 10303 | D:10     | Banished Erolcha
 10303 | D:10     | Reached XP level 11. HP: 85/89 MP: 18/18
 10509 | D:10     | Found a staircase to the Lair.
 10509 | D:10     | Noticed an elephant
 10515 | D:10     | Noticed Josephine
 10995 | D:9      | Killed an elephant
 11102 | D:10     | Killed Josephine
 11370 | D:10     | Reached skill level 11 in Invocations
 12010 | D:10     | Killed a shadow wraith
 12268 | Lair:1   | Entered Level 1 of the Lair of Beasts
 12271 | Lair:1   | Noticed Gastronok
 12556 | D:10     | Noticed a hill giant
 12570 | D:10     | Killed a hill giant
 12713 | Lair:1   | Killed Gastronok
 13144 | Lair:1   | Reached XP level 12. HP: 82/97 MP: 20/20
 13841 | Lair:2   | Found a frozen archway.
 13871 | Lair:2   | Reached skill level 12 in Invocations
 14033 | IceCv    | Entered an ice cave
 14333 | IceCv    | Killed from afar by an ice statue

Vault maps used:
D:1:      dpeg_arrival_simpleton_b, minmay_misc_feat_encased, corner_web_ring
D:2:      old_standard_altar, first_bread, ecumenical_altar_1
D:3:      lemuel_doored_altar
D:4:      elyvilon_altar_4, uniq_grinder, uniq_pikel, uniq_robin,
          uniq_blork_the_orc
D:5:      gammafunk_temple_overflow_statue
D:6:      lemuel_zombie_altar_yredelemnul, temple_green,
          yredelemnul_altar_generic, uniq_duvessa
D:7:      grunt_ogre_cave
D:8:      serial_glass, glass_columns_b, glass_columns_a, uniq_psyche,
          uniq_erica
D:9:      cheibriados_altar_1, orc_0_dummy
D:10:     david_lair_generic, grunt_tough_drop, uniq_erolcha, uniq_joseph,
          uniq_josephine
Lair:1:   grunt_forest_stairs_basic, uniq_gastronok
Lair:2:   statuecave_lemuel, portal_ice_cave_entry_ice_beasts, lemuel_fruit_tree
IceCv:    ice_cave_statue_garden_01

Action                   |  1- 3 |  4- 6 |  7- 9 | 10-12 || total
-------------------------+-------+-------+-------+-------++-------
Melee: Hand axe          |    48 |       |       |    17 ||    65
       War axe           |    22 |       |       |       ||    22
       Whip              |    47 |    95 |   232 |   508 ||   882
Invok: Bend Space        |       |       |       |     7 ||     7
Evoke: Wand              |       |       |       |     8 ||     8
  Use: Scroll            |       |       |    17 |     5 ||    22
       Potion            |       |       |       |     6 ||     6
  Eat: Chunk             |     4 |     4 |    13 |    18 ||    39
       Pizza             |       |       |       |     2 ||     2
